 Dungeon Crawl Stone Soup version 0.29.1-1-gd02db6906a (webtiles) character file.

Game seed: 14263211341743418482

104 holycorn the Chopper (level 4, 0/41 HPs)
             Began as a Minotaur Berserker on Sept 21, 2022.
             Was a Believer of Trog.
             Slain by an orc
             ... wielding a +0 hand axe
              (3 damage)
             ... on level 3 of the Dungeon.
             The game lasted 00:03:37 (2047 turns).

holycorn the Chopper (Minotaur Berserker)           Turns: 2047, Time: 00:03:37

Health: 0/41       AC:  6    Str: 24    XL:     4   Next: 52%
Magic:  3/3        EV: 11    Int:  4    God:    Trog [**....]
Gold:   157        SH:  0    Dex:  9    Spells: 3/3 levels left

rFire   . . .      SeeInvis .   a - +0 hand axe
rCold   . . .      Faith    .   (no shield)
rNeg    . . .      Spirit   .   i - +0 ring mail
rPois   .          Reflect  .   (helmet restricted)
rElec   .          Harm     .   e - +0 cloak
rCorr   .          Rampage  .   (no gloves)
Will    .....                   (no boots)
Stlth   ..........              (no amulet)
HPRegen 0.13/turn               (no ring)
MPRegen 0.08/turn               (no ring)

@: confused
A: horns 2, retaliatory headbutt
a: Renounce Religion, Berserk, Trog's Hand


You were on level 3 of the Dungeon.
You worshipped Trog.
Trog was pleased with you.
You visited 1 branch of the dungeon, and saw 3 of its levels.

You collected 157 gold pieces.

Inventory:

Hand Weapons
 a - a +0 hand axe (weapon)
Armour
 b - a +0 animal skin
 e - a +0 cloak (worn)
 i - a +0 ring mail (worn)
Wands
 o - a wand of roots (11)
Scrolls
 c - 2 scrolls of immolation {unknown}
 f - a scroll of identify {unknown}
 g - a scroll of blinking {unknown}
 h - a scroll of amnesia {unknown}
 k - a scroll of vulnerability {unknown}
 l - a scroll of poison {unknown}
Potions
 d - a potion of attraction {unknown}
 j - a potion of curing {unknown}
 m - a potion of heal wounds {unknown}
 n - a potion of degeneration {unknown}


   Skills:
 + Level 4.6 Fighting
 * Level 5.7 Axes
 - Level 2.5 Armour
 - Level 2.2 Dodging


You had 3 spell levels left.
You didn't know any spells.
Your spell library was empty.

Dungeon Overview and Level Annotations

Branches:
Dungeon (3/15)

Altars:
Sif Muna

Shops:
D:2 [*


Innate Abilities, Weirdness & Mutations

You have a pair of horns on your head.
You reflexively headbutt those who attack you in melee.


Message History

You barely miss something.
You hear some strange, mumbled words.
You are confused.
You are too confused!
You are too confused!
You are too confused!
You are too confused!
Unknown command.
You bump into the rock wall.
The orc hits you with a +0 hand axe. The orc hits you but does no damage.
Something hits you.
You hit the orc.
You kill the orc!
Trog accepts your kill.
You completely miss something. You miss the orc. Something hits you.
The orc hits you with a +0 hand axe.
You're too confused to move!
Something hits you but does no damage. The orc barely misses you.
You hear some strange, mumbled words.
A puff of flame appears from out of thin air!
The puff of flame hits you.
You bump into the rock wall.
You hear some strange, mumbled words.
You are more confused.
The orc closely misses you.
You bump into the rock wall.
The orc barely misses you. Something hits you but does no damage.
You bump into the rock wall.
Something hits you but does no damage. The orc hits you with a +0 hand axe.
* * * LOW HITPOINT WARNING * * *
You bump into the rock wall.
Something hits you.
* * * LOW HITPOINT WARNING * * *
The orc hits you but does no damage.
You bump into the rock wall.
Something hits you.
* * * LOW HITPOINT WARNING * * *
The orc hits you with a +0 hand axe.
* * * LOW HITPOINT WARNING * * *
You barely miss the orc. You barely miss something. Something hits you.
* * * LOW HITPOINT WARNING * * *
The orc hits you with a +0 hand axe.
You die...

...........# #.#
.###..####.# #†#
......# #.# #.#
.##...# #.# #.#
..#...####.###.#
............##.#
......####..##.###
.##.### #..##...#
.##.# #..####@####
.##.# #..# #o{..#
....# #......)...#
.#########.#######..#
....)......# ..#
########### ).# .# .#
#


You could see an orc.

Vanquished Creatures
  3 adders
  3 worms (D:2)
  3 dart slugs
  3 orcs (D:3)
  8 ball pythons
  3 endoplasms
  2 giant cockroaches (D:3)
  3 goblins (D:1)
  6 hobgoblins
  3 jackals (D:1)
  A quokka (D:1)
  5 bats
  A frilled lizard (D:3)
  7 kobolds
  5 rats
56 creatures vanquished.

Notes
Turn   | Place    | Note
-------+----------+-------------------------------------------
     0 | D:1      | holycorn the Minotaur Berserker began the quest for the
                  | Orb.
     0 | D:1      | Reached XP level 1. HP: 19/19 MP: 0/0
    35 | D:1      | Found a faded altar of an unknown god.
   106 | D:1      | Reached XP level 2. HP: 23/27 MP: 1/1
   109 | D:1      | Reached skill level 4 in Axes
   449 | D:1      | Reached ** piety under Trog
   488 | D:1      | Reached XP level 3. HP: 33/33 MP: 2/2
   855 | D:2      | Reached skill level 5 in Axes
   955 | D:2      | Found Plog's General Store.
  1217 | D:2      | Found Mocori Voch's Antique Armour Shoppe.
  1462 | D:3      | Reached XP level 4. HP: 41/41 MP: 3/3
  1551 | D:3      | Found a shimmering blue altar of Sif Muna.
  2047 | D:3      | Slain by an orc

Illustrated notes

Levels and vault maps discovered:
D:1:      wander_arrival_chamber, layout_rooms, ebering_ecumenical_altar_mist,
          amcnicky_mini_rare_corridor_liquid, kennysheep_decorative_pillar
D:2:      layout_basic, serial_shops, nicolae_shop_trees,
          nicolae_shop_statue_plus
D:3:      layout_loops_ring, mainiacjoe_overflow_surrounded_room,
          wad_floor_pattern_untrapped

Skill      XL: |  1  2  3 |
---------------+----------+-----
Axes           | 4 5 |  5.7
Fighting       | 4 |  4.6
Armour         | |  2.5
Dodging        | |  2.2

Action                   |  1- 3 |  4- 6 || total
-------------------------+-------+-------++-------
Melee: Hand axe          |    71 |    48 ||   119
       Headbutt          |     9 |     7 ||    16
Armor: Animal skin       |     3 |       ||     3
       Ring mail         |    12 |    22 ||    34
Dodge: Dodged            |    39 |    28 ||    67
